Description

Dark vs Inovation

VOD

https://youtu.be/Qnhm63X7nuU?t=8m20s

Build Order

Get SALT Encoding   

  13  0:14  Overlord  send 1st and 2nd Overlord to enemy base for ramp vision
  17  0:46  Extractor  3 in gas
  17  0:51  Spawning Pool  
  18  1:20   Hatchery  
  19  1:40  Zergling  
  20  1:42  Roach Warren  1x Ling Production -> Roach warren
  19  1:50  Queen  +1 woker = 22 sup
  22  2:03  Overlord  
  22  2:20  Roach x5  asap roach warren finished, no worker
  30  2:45  Queen  2nd Queen
  35  3:10  Ravager x2  GO asap roaches finisehd. 2 Ravager. LOSE your two lings
  36  2:50  Overlord  
  36  3:12  Drone x6  continue worker prdocution
  42  3:17  Overlord x2  
  43  3:36  Extractor  2nd gas
  55  4:07  Metabolic Boost  
  50  4:42  Extractor  3rd gas
  58  5:00  Hatchery, Roach x6  3rd base, some roaches
  58  5:10  Pneumatized Carapace  Overlord speed
  70  5:16  Evolution Chamber  for drop upgrade
Spawning Tool Build Advisor. Get it on Overwolf

Go to:

Details

  • Created by: v3loxx
  • Published on: Dec 08, 2017
  • Modified on: Dec 08, 2017
  • Patch: 4.0.0
Show
View Real Time Build Order
Export as new Build Order

Comments (0)

There are no comments. Be the first!

Create an account to comment!